cohdb
Replays
Latest Replays
All Replays
Popular Replays
Top Player Replays
Match Explorer
How It Works
Community
CoH3 Stats
Reddit
Sign in to upload your games and track your stats! →
Sign in with Steam
Match 40063423
Unlisted
Match 40063423
Overview
Messages
Build Orders
End
Pioneer Squad
Construct Infanterie Kompanie
Grenadier Squad
Grenadier Squad
Grenadier Squad
Infanterie Officer Quarters
Grenadier Squad
MG 42 Machine Gun Team
MG 42 Machine Gun Team
Construct Panzergrenadier Kompanie
Pak 40 Anti-tank Gun Team
Selects Terror Battlegroup
Panzergrenadier Squad
Support Elements
Selects Machine Gun Camouflage
Selects No Quarter
Selects Machine Gun Camouflage
Selects No Quarter
Köfter_Frostberry
Dürüm_Mehr Kübel Wagen
^3
DIV 250 BigBoss
0
0
Comments
sign in to comment!
No comments posted yet!